 Dungeon Crawl Stone Soup version 0.23.2-30-g0e89c35649 (webtiles) character file.

Game seed: 13798990610041965589

1284 dvd the Conjurer (level 8, -2/39 HPs)
             Began as a Vine Stalker Conjurer on June 16, 2019.
             Was an Initiate of Ru.
             Slain by an ice beast (8 damage)
             ... on level 5 of the Dungeon.
             The game lasted 00:17:01 (5580 turns).

dvd the Conjurer (Vine Stalker Conjurer)            Turns: 5580, Time: 00:17:01

Health: -2/39      AC: 13    Str: 12    XL:     8   Next: 55%
Magic:  0/16       EV: 11    Int: 17    God:    Ru [......]
Gold:   304        SH:  0    Dex: 14    Spells: 10/16 levels left

rFire    . . .     SeeInvis .   H - +1 hand axe (chop)
rCold    . . .     Gourm    .   (no shield)
rNeg     + . .     Faith    .   j - +0 ring mail
rPois    .         Spirit   +   s - +0 helmet
rElec    .         Reflect  .   (no cloak)
rCorr    .         Harm     .   e - +0 pair of gloves
MR       +....                  u - +0 pair of boots
Stlth    ..........             (no amulet)
HPRegen  0.53/turn              f - ring of positive energy
MPRegen  0.15/turn              x - +4 ring of protection

@: no status effects
A: fangs 3, regeneration 1, magic shield, antimagic bite, no potion heal 3, rot
immunity, no stealth
a: Renounce Religion


You were on level 5 of the Dungeon.
You worshipped Ru.
Ru was noncommittal.
You were not hungry.

You visited 1 branch of the dungeon, and saw 5 of its levels.

You collected 304 gold pieces.

Inventory:

Hand Weapons
 q - a +0 long sword
 r - a +5 dagger of holy wrath
 A - a +2 flail of protection
 H - a +1 hand axe of chopping (weapon)
Armour
 a - a +0 robe
 b - a +1 leather armour of fire resistance
 e - a +0 pair of gloves (worn)
 j - a +0 ring mail (worn)
 s - a +0 helmet (worn)
 u - a +0 pair of boots (worn)
 w - a +0 shield
Jewellery
 f - a ring of positive energy (left hand)
 p - an uncursed ring of flight {unknown}
 x - a +4 ring of protection (right hand)
 E - a cursed ring of teleportation {unknown}
Wands
 B - a wand of digging (6)
 F - a wand of paralysis (8)
Scrolls
 k - a scroll of enchant armour {unknown}
 l - 2 scrolls of fear {unknown}
 m - 9 scrolls of identify
 o - a scroll of amnesia {unknown}
 v - 5 scrolls of remove curse
 y - 2 scrolls of enchant weapon {unknown}
 z - a scroll of immolation {unknown}
 D - 2 scrolls of teleportation {unknown}
Potions
 g - a potion of agility
 h - 3 potions of mutation {unknown}
 i - a potion of degeneration {unknown}
 n - 2 potions of heal wounds {unknown}
 t - a potion of magic {unknown}
 G - a potion of berserk rage {unknown}
Comestibles
 c - 8 rations
 d - 7 chunks of flesh


   Skills:
 + Level 2.0 Fighting
 + Level 1.7 Short Blades
 + Level 2.1(2.6) Axes
 + Level 2.4(2.8) Maces & Flails
 + Level 3.0 Armour
 + Level 3.0 Dodging
 + Level 4.9 Spellcasting
 + Level 6.4 Conjurations
 + Level 0.1 Hexes


You had 10 spell levels left.
You knew the following spells:

 Your Spells              Type           Power        Failure   Level  Hunger
a - Magic Dart            Conj           ####         2%          1    None
b - Searing Ray           Conj           ####..       3%          2    #......
c - Dazzling Spray        Conj/Hex       ###...       24%         3    ###....

Your spell library contained the following spells:

 Spells                   Type           Power        Failure   Level  Hunger
 Iskenderun's Mystic Bla  Conj           ####....     22%         4    ####...
 Fulminant Prism          Conj/Hex       ###.......   61%         4    ####...
 Force Lance              Conj/Tloc      ###.....     63%         4    ####...


Dungeon Overview and Level Annotations

Branches:
Dungeon (5/15)             Temple (0/1) D:4

Altars:
Dithmenos
Elyvilon
Gozag
Hepliaklqana
Kikubaaqudgha
Makhleb
Nemelex Xobeh
Okawaru
Ru
Trog
Vehumet
Xom

Shops:
D:5 *

Annotations:
D:5 1 runed translucent door


Innate Abilities, Weirdness & Mutations

You have razor-sharp teeth.
Your natural rate of healing is unusually fast.
When hurt, damage is shared between your health and your magic reserves.
Your bite disrupts and absorbs the magic of your enemies.
Potions cannot restore your health.
You are immune to rotting.
You cannot be stealthy.


Message History

The orc closely misses you.
Unknown command.
You hit the orc but do no damage. You bite the orc.
You kill the orc!
You closely miss the ice beast.
You hit the orc wizard but do no damage.
The ice beast hits you but does no damage.
The orc wizard hits you but does no damage.
Unknown command.
You closely miss the ice beast.
The ice beast is lightly wounded.
You barely miss the orc wizard. The ice beast hits you.
The ice beast freezes you!
The orc wizard hits you but does no damage.
You are electrocuted!
* * * LOW HITPOINT WARNING * * *
The ice beast hits you.
* * * LOW HITPOINT WARNING * * *
The ice beast freezes you!
You die...

#.. #......#..##A #..
#....####..## #.. #....#
##... #$. #....# ###.
#..## #....# #.
#...######....# ###.
#.#.)....#....#####...
###...Y)..............#.
.......o@........#######.
####...>...##....# #.
#.............########
#....#####.........###
#.##.####..#.#.###.... #.
#........_......... #.
##.....##.#........
##.....#...........
..................


You could see an ice beast and an orc wizard.

Vanquished Creatures
  Edmund (D:4)
  Purgy (D:3)
  2 ogres (D:5)
  6 scorpions
  A crimson imp (D:5)
  A hound (D:5)
  An orc priest (D:5)
  4 orc wizards
  A centaur skeleton (D:5)
  An iguana (D:5)
  2 worker ants (D:4)
  A hound skeleton (D:4)
  2 worker ant zombies (D:5)
  Robin (D:2)
  7 adders
  3 oozes
  2 adder skeletons (D:4)
  2 worms
  2 dart slugs (D:4)
  5 leopard geckos
  24 orcs
  5 giant cockroaches
  14 hobgoblins
  11 jackals (D:1)
  7 kobolds
  2 quokkas
  4 ball pythons
  15 bats
  6 frilled lizards
  7 goblins
  2 leopard gecko skeletons (D:4)
  A leopard gecko zombie (D:5)
  2 quokka skeletons (D:4)
  5 rats
151 creatures vanquished.

Vanquished Creatures (others)
  3 fungi (D:4)
3 creatures vanquished.

Grand Total: 154 creatures vanquished

Notes
Turn   | Place    | Note
-------+----------+-------------------------------------------
     0 | D:1      | dvd the Vine Stalker Conjurer began the quest for the Orb.
     0 | D:1      | Reached XP level 1. HP: 9/9 MP: 4/4
   319 | D:1      | Reached XP level 2. HP: 8/13 MP: 0/6
   963 | D:1      | Learned a level 2 spell: Searing Ray
  1027 | D:1      | Reached XP level 3. HP: 16/16 MP: 5/7
  1877 | D:2      | Reached skill level 5 in Conjurations
  2072 | D:2      | Gained mutation: Your natural rate of healing is unusually
                  | fast. [Vine Stalker growth]
  2072 | D:2      | Reached XP level 4. HP: 21/21 MP: 6/8
  2106 | D:2      | Noticed Robin
  2148 | D:2      | Killed Robin
  2294 | D:2      | Found an ancient bone altar of Kikubaaqudgha.
  2295 | D:2      | Found a shadowy altar of Dithmenos.
  2297 | D:2      | Found a shimmering altar of Xom.
  2299 | D:2      | Found a burning altar of Makhleb.
  2299 | D:2      | Found a sacrificial altar of Ru.
  2300 | D:2      | Found a bloodstained altar of Trog.
  2340 | D:2      | Became a worshipper of Ru the Awakened
  2846 | D:3      | Noticed Purgy
  2862 | D:3      | Killed Purgy
  2862 | D:3      | Reached XP level 5. HP: 8/25 MP: 1/11
  3086 | D:3      | Found a sparkling altar of Nemelex Xobeh.
  3161 | D:3      | Reached skill level 1 in Fighting
  3224 | D:3      | Reached XP level 6. HP: 30/30 MP: 7/12
  3539 | D:4      | Reached skill level 1 in Armour
  3559 | D:4      | Learned a level 3 spell: Dazzling Spray
  3651 | D:4      | Found a radiant altar of Vehumet.
  3667 | D:4      | Noticed Edmund
  3691 | D:4      | Killed Edmund
  3691 | D:4      | Reached skill level 1 in Short Blades
  3691 | D:4      | Reached XP level 7. HP: 25/33 MP: 4/13
  3801 | D:4      | Found an iron altar of Okawaru.
  3821 | D:4      | Gained mutation: You cannot be stealthy. [Ru sacrifice]
  3873 | D:4      | Found a staircase to the Ecumenical Temple.
  4346 | D:4      | Found an opulent altar of Gozag.
  4731 | D:4      | Reached skill level 6 in Conjurations
  4756 | D:4      | Reached skill level 1 in Maces & Flails
  4901 | D:5      | Entered Level 5 of the Dungeon
  5148 | D:5      | Reached skill level 1 in Axes
  5148 | D:5      | Gained mutation: You have razor-sharp teeth. [Vine Stalker
                  | growth]
  5148 | D:5      | Reached XP level 8. HP: 38/38 MP: 7/15
  5202 | D:5      | Found Urolaca's General Store.
  5277 | D:5      | Found a hazy altar of Hepliaklqana.
  5431 | D:5      | Found a white marble altar of Elyvilon.
  5431 | D:5      | Noticed an angel
  5432 | D:5      | Found a runed translucent door.
  5580 | D:5      | Slain by an ice beast

Skill      XL: |  1  2  3  4  5  6  7  8 |
---------------+-------------------------+-----
Conjurations   | 5 6 |  6.4
Dodging        | 2 3 |  3.0
Spellcasting   | 3 4 |  4.9
Fighting       | 1 2 |  2.0
Armour         | 1 2 3 |  3.0
Short Blades   | 1 |  1.7
Stealth        | 0 |  0.0
Maces & Flails | 1 2 |  2.4
Axes           | 1 2 |  2.1
Hexes          | |  0.1

Action                   |  1- 3 |  4- 6 |  7- 9 || total
-------------------------+-------+-------+-------++-------
Melee: Hand axe          |    27 |    14 |    62 ||   103
       Bite              |     7 |    16 |    21 ||    44
       Dagger            |       |    35 |    18 ||    53
       Flail             |       |       |    38 ||    38
 Cast: Magic Dart        |    68 |    60 |    66 ||   194
       Searing Ray       |       |     7 |    14 ||    21
       Dazzling Spray    |       |       |     3 ||     3
Invok: Sacrifice Stealth |       |       |     1 ||     1
  Use: Scroll            |       |     2 |       ||     2
  Eat: Chunk             |     4 |     5 |     8 ||    17
Armor: Robe              |    10 |       |       ||    10
       Ring mail         |       |    37 |   101 ||   138
Dodge: Dodged            |    38 |    44 |   113 ||   195
